 Dungeon Crawl Stone Soup version 0.20.0-10-g0535bb4 (console) character file.

198 removed the Sneak (level 5, -3/30 HPs)
             Began as a Deep Elf Assassin on June 4, 2017.
             Slain by a bullfrog (7 damage)
             ... on level 3 of the Dungeon.
             The game lasted 00:03:18 (2889 turns).

removed the Sneak (Deep Elf Assassin)               Turns: 2889, Time: 00:03:18

Health: -3/30      AC:  5    Str:  8    XL:     5   Next: 47%
Magic:  7/7        EV: 15    Int: 17    God:
Gold:   108        SH:  0    Dex: 19    Spells: 4/4 levels left

rFire    + . .     SeeInvis .   a - +2 dagger
rCold    . . .     Gourm    .   (no shield)
rNeg     . . .     Faith    .   c - +0 robe
rPois    .         Spirit   .   (no helmet)
rElec    .         Reflect  .   d - +0 cloak
rCorr    .         Harm     .   (no gloves)
MR       .....                  w - +1 pair of boots
Stlth    +++.......             (no amulet)
Regen    0.1/turn               o - ring of protection from fire
MPRegen  0.1/turn               s - +3 ring of dexterity

@: no status effects
A: no striking features
a: no special abilities


You were on level 3 of the Dungeon.
You were not hungry.

You visited 1 branch of the dungeon, and saw 3 of its levels.

You collected 108 gold pieces.

Inventory:

Hand Weapons
 a - a +2 dagger (weapon)
 b - a +0 blowgun
Missiles
 e - a poisoned needle
 f - 10 curare-tipped needles
Armour
 c - a +0 robe (worn)
 d - a +0 cloak (worn)
 w - a +1 pair of boots (worn)
Jewellery
 o - a ring of protection from fire (left hand)
 s - a +3 ring of dexterity (right hand)
Scrolls
 i - 4 scrolls of identify {unknown}
 p - a scroll of random uselessness {unknown}
 v - a scroll of blinking {unknown}
Potions
 j - 2 potions of curing {unknown}
 k - 2 potions of heal wounds {unknown}
 m - a potion of cancellation {unknown}
 q - a potion of haste {unknown}
 u - a potion of agility {unknown}
Comestibles
 g - 3 bread rations
 h - a royal jelly
 r - 4 fruits
 x - 3 chunks of flesh


   Skills:
 + Level 1.7 Fighting
 - Level 4.5 Short Blades
 - Level 2.0 Throwing
 - Level 4.1 Dodging
 - Level 4.8 Stealth


You had 4 spell levels left.
You didn't know any spells.

Dungeon Overview and Level Annotations

Branches:
Dungeon (3/15)

Altars:
Yredelemnul

Annotations:
D:2 1 runed door


Message History

The bullfrog is heavily wounded.
The bullfrog hits you!
You are too injured to fight recklessly!
You closely miss the bullfrog.
The bullfrog is heavily wounded.
The bullfrog hits you.
* * * LOW HITPOINT WARNING * * *
You are too injured to fight recklessly!
You hit the bullfrog.
The bullfrog is heavily wounded.
The bullfrog completely misses you.
You are too injured to fight recklessly!
You hit the bullfrog.
The bullfrog is almost dead.
The bullfrog hits you.
* * * LOW HITPOINT WARNING * * *
You barely miss the bullfrog.
The bullfrog is severely wounded.
The bullfrog hits you!
You die...

.#...## .....?
..... #...### .....
####### #..####
...... #.r(..#
#...# ###F##.#
...##...###<@.##.##
..[.).............#
............####$##
....#######.# # ...
.... . .....#
#.....# #.....#
#.....#


You could see a bullfrog and a rat.

Vanquished Creatures
  Jessica (D:2)
  A human skeleton (D:2)
  Natasha (thrice) (D:2)
  2 adders (D:2)
  2 oozes
  2 worms (D:2)
  A dart slug (D:1)
  A leopard gecko (D:2)
  A ball python (D:2)
  9 bats
  A giant cockroach (D:1)
  5 goblins
  4 hobgoblins
  3 jackals (D:3)
  A quokka (D:2)
  A frilled lizard (D:1)
  2 kobolds
  3 rats
43 creatures vanquished.

Notes
Turn   | Place    | Note
-------+----------+-------------------------------------------
     0 | D:1      | removed the Deep Elf Assassin began the quest for the Orb.
     0 | D:1      | Reached XP level 1. HP: 12/12 MP: 3/3
   337 | D:1      | Reached XP level 2. HP: 12/16 MP: 4/4
   932 | D:2      | Noticed Jessica
   945 | D:2      | Killed Jessica
   945 | D:2      | Reached XP level 3. HP: 12/20 MP: 5/5
  1013 | D:2      | Found a runed door.
  1013 | D:2      | Noticed a human
  1029 | D:2      | Found a basalt altar of Yredelemnul.
  1045 | D:2      | Reached XP level 4. HP: 3/25 MP: 6/6
  1054 | D:2      | HP: 1/25 [bat (1)]
  1648 | D:2      | Noticed Natasha
  1662 | D:2      | Killed Natasha
  2339 | D:2      | Noticed Natasha
  2351 | D:2      | Killed Natasha
  2351 | D:2      | Reached XP level 5. HP: 16/29 MP: 7/7
  2807 | D:2      | Noticed Natasha
  2816 | D:2      | Killed Natasha
  2889 | D:3      | Slain by a bullfrog

Skill      XL: |  1  2  3  4  5 |
---------------+----------------+-----
Short Blades   | 4 |  4.5
Dodging        | 3 4 |  4.1
Fighting       | |  1.7
Throwing       | |  2.0
Stealth        | |  4.8

Action                   |  1- 3 |  4- 6 || total
-------------------------+-------+-------++-------
Melee: Dagger            |   109 |   106 ||   215
 Fire: Blowgun           |     5 |    41 ||    46
 Stab: Sleeping          |     5 |     3 ||     8
  Eat: Chunk             |       |     6 ||     6
Armor: Robe              |    32 |    26 ||    58
Dodge: Dodged            |    79 |    74 ||   153
